 Dungeon Crawl Stone Soup version 0.23-a0-422-g30b1108 (webtiles) character file.

3814 Heh the Carver (level 10, -2/81 HPs)
             Began as a Tengu Fighter on Nov 15, 2018.
             Was an Initiate of Hepliaklqana.
             Slain by Grum the wyvern (6 damage)
             ... on level 8 of the Dungeon.
             The game lasted 00:13:07 (7205 turns).

Heh the Carver (Tengu Fighter)                      Turns: 7205, Time: 00:13:08

Health: -2/81      AC: 25    Str: 16    XL:     10   Next: 17%
Magic:  11/11      EV:  2    Int:  9    God:    Hepliaklqana [......]
Gold:   371        SH:  9    Dex: 17    Spells: 9/9 levels left

rFire    + . .     SeeInvis .   a - +1 long sword
rCold    . . .     Gourm    .   c - +0 shield
rNeg     + + +     Faith    .   (armour currently unavailable)
rPois    +         Spirit   .   (helmet currently unavailable)
rElec    .         Reflect  .   (cloak currently unavailable)
rCorr    .         Harm     .   (gloves currently unavailable)
MR       +....     NoTele   +   (boots unavailable)
Stlth    ++........             (no amulet)
HPRegen  0.23/turn              h - ring of protection from magic
MPRegen  0.12/turn              l - ring of protection from fire

@: tree-form
A: reduced essence, able to fly 1
a: Fly, Recall Ancestor, Ancestor Identity, Renounce Religion


You were on level 8 of the Dungeon.
You worshipped Hepliaklqana.
Hepliaklqana was noncommittal.
You were not hungry.
You were a tree.
You visited 1 branch of the dungeon, and saw 8 of its levels.

You collected 371 gold pieces.

Inventory:

Hand Weapons
 a - a +1 long sword (weapon)
 g - a +2 quarterstaff of chaos
Missiles
 y - 4 throwing nets (quivered)
Armour
 b - a +0 scale mail
 c - a +0 shield (worn)
 o - a +0 cloak (melded)
 z - a +2 scale mail of poison resistance (melded)
Jewellery
 h - a ring of protection from magic (left branch)
 l - a ring of protection from fire (right branch)
 r - an uncursed ring of stealth
Wands
 i - a wand of polymorph (5)
 t - a wand of disintegration (13)
 u - a wand of random effects (17)
Scrolls
 d - a scroll of enchant armour
 e - 5 scrolls of teleportation
 k - a scroll of remove curse
 n - a scroll of immolation
 p - 3 scrolls of blinking
 q - 2 scrolls of identify
Potions
 s - a potion of lignification
 v - a potion of might
 w - a potion of brilliance
Comestibles
 f - 11 rations


   Skills:
 + Level 5.8 Fighting
 * Level 12.2 Long Blades
 + Level 6.4 Armour
 + Level 5.2 Dodging
 - Level 3.2 Shields


You had 9 spell levels left.
You didn't know any spells.
Your spell library contained the following spells:

 Spells                   Type           Power        Failure   Level  Hunger
 Sandblast                Erth           #.....       88%         1    ##.....
 Passwall                 Tmut/Erth      #.......     95%         2    ###....
 Sublimation of Blood     Necr           #.........   95%         2    ###....
 Ignite Poison            Fire/Tmut/Pois #.......     99%         3    ####...
 Stone Arrow              Conj/Erth      #.....       99%         3    ####...
 Petrify                  Tmut/Erth      #.......     100%        4    #####..
 Alistair's Intoxication  Tmut/Pois      #.......     100%        5    ######.
 Irradiate                Conj/Tmut      #.........   100%        5    ######.
 Lee's Rapid Deconstruct  Erth           #.........   100%        5    ######.


Dungeon Overview and Level Annotations

Branches:
Dungeon (8/15)             Temple (0/1) D:7
   Lair: D:8-11

Altars:
Gozag
Hepliaklqana
Kikubaaqudgha
Makhleb
Qazlal
Vehumet

Shops:
D:5 =

Annotations:
D:2 2 transporters
D:6 3 runed doors, Chungles's ghost, novice MiBe
D:7 3 runed doors, tatocazan's ghost, novice TrFi
D:8 Grum


Innate Abilities, Weirdness & Mutations

((You have a beak for a mouth.))
((You have claws for feet.))
You can fly.
Your life essence is reduced to manifest your ancestor. (-10% HP)


Message History

Okay, then.
You feel better.
You feel better.
Grum hits you from afar with a -1 glaive.
* * * LOW HITPOINT WARNING * * *
You feel better.
Grum hits you from afar with a -1 glaive!
* * * LOW HITPOINT WARNING * * *
Okay, then.
Evoke which item? (* to show all) (? for menu, Esc to quit)
Aiming: Polymorph
Press: ? - help, Shift-Dir - straight line, f/p - Grum
Aim: Grum, wielding a -1 glaive and wearing a +2 animal skin (chance to defeat Grum evaporates and reforms as a wyvern!
You slash Grum!
Grum is heavily wounded.
Grum bites you!
* * * LOW HITPOINT WARNING * * *
Grum bites you.
You die...

#.##..# #.####(
#....)# #......
####..# #.####.
****#######.#####.#
##
*,,,........h.g.h.#
#
*,**#######g#######
# *,* #.# #
*,#########.# #
*,#..R♣lh...# #
#.#.######### #
#.#.# # #.#.# *
#.#.#
***************
#.#.#
*,,,,,,,,,<,,,,
#.#.#
*,*************
####.#.# *,*
#......# *,*


You could see the friendly gobble gobble the ancestor, Grum the wyvern and a
wolf.

Vanquished Creatures
  Menkaure (D:5)
  3 sky beasts
  An ice beast (D:6)
  An orc warrior (D:6)
  2 ogres (D:5)
  A wolf (D:8)
  3 phantoms
  A centaur (D:6)
  2 bullfrogs
  7 scorpions
  3 wights (D:7)
  2 crimson imps
  A bullfrog zombie (D:6)
  A centaur skeleton (D:7)
  An orc priest (D:6)
  Crazy Yiuf (D:3)
  3 jellies
  An iguana (D:5)
  Natasha (thrice) (D:3)
  7 orc wizards
  7 worker ants
  A hound zombie (D:6)
  A hound skeleton (D:4)
  Robin (D:2)
  9 adders
  An ooze (D:1)
  2 adder zombies
  4 worms
  A dart slug (D:3)
  4 leopard geckos
  18 orcs
  7 bats
  3 giant cockroaches
  12 goblins
  11 hobgoblins
  5 jackals
  4 quokkas
  A ball python (D:2)
  4 frilled lizards
  A jackal zombie (D:7)
  7 kobolds
  2 leopard gecko skeletons
  8 rats
159 creatures vanquished.

Vanquished Creatures (collateral kills)
  Harold (D:8)
  A sky beast (D:6)
  An ogre (D:6)
  A big kobold (D:8)
  A wyvern skeleton (D:8)
  A crimson imp (D:6)
  A hound (D:6)
  An orc wizard (D:7)
  A worker ant (D:6)
  An adder (D:8)
  4 orcs
  A jackal (D:6)
  A kobold (D:8)
16 creatures vanquished.

Vanquished Creatures (others)
  3 ancestors
3 creatures vanquished.

Grand Total: 178 creatures vanquished

Notes
Turn   | Place    | Note
-------+----------+-------------------------------------------
     0 | D:1      | Heh the Tengu Fighter began the quest for the Orb.
     0 | D:1      | Reached XP level 1. HP: 14/14 MP: 2/2
   118 | D:1      | Reached skill level 3 in Long Blades
   118 | D:1      | Reached XP level 2. HP: 16/19 MP: 3/3
   413 | D:1      | Reached XP level 3. HP: 23/23 MP: 4/4
   746 | D:2      | Noticed Robin
   764 | D:1      | Reached skill level 4 in Long Blades
  1043 | D:2      | Killed Robin
  1063 | D:2      | Reached XP level 4. HP: 19/28 MP: 5/5
  1080 | D:2      | Found a radiant altar of Vehumet.
  1130 | D:2      | Found a burning altar of Makhleb.
  1130 | D:2      | Noticed an orc warrior
  1134 | D:2      | Found a transporter.
  1143 | D:2      | Found a transporter.
  1308 | D:2      | Reached skill level 5 in Long Blades
  1449 | D:3      | Gained mutation: You can fly. [Tengu growth]
  1449 | D:3      | Reached XP level 5. HP: 29/32 MP: 6/6
  1761 | D:3      | Reached skill level 6 in Long Blades
  2013 | D:3      | Noticed Natasha
  2026 | D:3      | Killed Natasha
  2094 | D:3      | Noticed Natasha
  2102 | D:3      | Killed Natasha
  2328 | D:3      | Reached XP level 6. HP: 33/37 MP: 7/7
  2333 | D:3      | Reached skill level 7 in Long Blades
  2425 | D:3      | Found a runed door.
  2621 | D:3      | Noticed Natasha
  2627 | D:3      | Killed Natasha
  2724 | D:3      | Noticed Crazy Yiuf
  2732 | D:3      | Killed Crazy Yiuf
  3218 | D:4      | Noticed a phantom
  3247 | D:4      | Killed a phantom
  3247 | D:4      | Reached skill level 8 in Long Blades
  3247 | D:4      | Reached XP level 7. HP: 19/41 MP: 8/8
  3683 | D:4      | Reached skill level 9 in Long Blades
  3832 | D:5      | Entered Level 5 of the Dungeon
  3858 | D:5      | Found Emudd's Jewellery Emporium.
  3911 | D:5      | Reached XP level 8. HP: 33/46 MP: 9/9
  3946 | D:5      | Found an ancient bone altar of Kikubaaqudgha.
  3961 | D:5      | Reached skill level 10 in Long Blades
  4135 | D:5      | Found a stormy altar of Qazlal.
  4136 | D:5      | Noticed an air elemental
  4140 | D:5      | Noticed a water elemental
  4161 | D:5      | Noticed Menkaure
  4167 | D:5      | Reached skill level 1 in Dodging
  4177 | D:5      | Killed Menkaure
  4517 | D:5      | Found a hazy altar of Hepliaklqana.
  4724 | D:5      | Became a worshipper of Hepliaklqana the Forgotten
  4776 | D:6      | Found a runed gate.
  4776 | D:6      | Found a runed gate.
  4779 | D:6      | Found a runed gate.
  5097 | D:6      | Reached XP level 9. HP: 38/46 MP: 10/10
  5155 | D:6      | Noticed Chungles's ghost (novice MiBe)
  5508 | D:6      | Reached skill level 11 in Long Blades
  5550 | D:6      | Reached skill level 5 in Armour
  5987 | D:7      | Found a runed gate.
  5993 | D:7      | Found a runed gate.
  5994 | D:7      | Found a runed gate.
  5995 | D:7      | Found an opulent altar of Gozag.
  6044 | D:7      | Reached skill level 5 in Fighting
  6663 | D:7      | Found a staircase to the Ecumenical Temple.
  6757 | D:7      | Noticed tatocazan's ghost (novice TrFi)
  7082 | D:8      | Noticed Harold
  7103 | D:8      | Killed Harold
  7103 | D:8      | Reached skill level 12 in Long Blades
  7103 | D:8      | Reached skill level 5 in Dodging
  7103 | D:8      | Reached XP level 10. HP: 34/54 MP: 11/11
  7139 | D:8      | Noticed Grum
  7204 | D:8      | Noticed Grum
  7204 | D:8      | Grum changed into Grum the wyvern
  7205 | D:8      | HP: 4/81 [Grum the wyvern (11)]
  7205 | D:8      | Slain by Grum the wyvern

Vault maps used:
D:1:      dpeg_arrival_tiny_h, minmay_misc_feat_room
D:2:      gammafunk_temple_overflow_arena, uniq_robin
D:3:      first_ration, uniq_natasha, uniq_crazy_yiuf_cottage
D:5:      nicolae_qazlal_style_of_elements, kiku_gazebo_garden_becter,
          kennysheep_mini, serial_shops, shop_statue, item_on_display_a,
          uniq_menkaure
D:6:      cheibrodos_barr_body, gammafunk_ghost_icy
D:7:      minmay_temple_entry_butterflies, ebering_ghost_gozag,
          grunt_ministairs_2, lemuel_old_faithful
D:8:      uniq_harold, uniq_grum

Skill      XL: |  1  2  3  4  5  6  7  8  9 |
---------------+----------------------------+-----
Long Blades    | 3 4 5 6 8 9 10 12 | 12.2
Dodging        | 3 5 |  5.2
Armour         | 4 6 |  6.4
Fighting       | 4 5 |  5.8
Shields        | |  3.2

Action                   |  1- 3 |  4- 6 |  7- 9 | 10-12 || total
-------------------------+-------+-------+-------+-------++-------
Melee: Long sword        |    57 |   156 |   310 |    19 ||   542
       Kick              |    16 |    44 |   110 |     3 ||   173
       Peck              |    11 |    29 |    88 |       ||   128
Invok: Ancestor Identity |       |       |     1 |     1 ||     2
Evoke: Wand              |       |       |     2 |     1 ||     3
  Use: Potion            |     1 |     3 |     3 |     4 ||    11
       Scroll            |       |     4 |     2 |     5 ||    11
 Stab: Distracted        |       |       |     1 |       ||     1
  Eat: Chunk             |       |     7 |    11 |       ||    18
       Ration            |       |       |       |     1 ||     1
Armor: Scale mail        |    31 |    60 |   104 |     3 ||   198
       Skin              |       |       |       |    12 ||    12
Dodge: Dodged            |    24 |    30 |    93 |    12 ||   159
Block: Shield            |    35 |    66 |   120 |    23 ||   244
       Rpst.: Long sword |     7 |    11 |    33 |     4 ||    55

Table legend:
 A = Non-vault XP
 B = Vault XP
 C = Vault XP percentage of total XP
 D = Non-vault monster count
 E = Vault monster count
 F = Vault count percentage of total count
                 A         B        C        D         E       F
            +---------+---------+-------+---------+---------+-------
      Total |    3467 |    1982 |  36.4 |     147 |      28 |  16.0
            +---------+---------+-------+---------+---------+-------
        D:1 |      37 |       8 |  17.8 |      18 |       4 |  18.2
        D:2 |      43 |      28 |  39.4 |      16 |       8 |  33.3
        D:3 |     275 |      75 |  21.4 |      22 |       2 |   8.3
        D:4 |     485 |       0 |   0.0 |      19 |       0 |   0.0
        D:5 |     891 |     169 |  15.9 |      22 |       1 |   4.3
        D:6 |     809 |     493 |  37.9 |      23 |      10 |  30.3
        D:7 |     501 |     120 |  19.3 |      16 |       1 |   5.9
        D:8 |     426 |    1089 |  71.9 |      11 |       2 |  15.4
            +---------+---------+-------+---------+---------+-------
